Minoru, lawful male human Samurai ---- -------- --- --..--- |.(|.|.--- --.-- |.....| |........| --...---------------- |.....| --........--- --|.................|.--- --.|..| --...........----.|.---------------.|...| --|..| |...................| |..I..| |..| ---.---.--...----.....| --.I.-- --|..| |...| -----..| |......|---- ....| ---.|..| ---.--- ---- |.----.|...-- .....- ---......-- |...| | --......| ...... |.........---.--- |.......| ....-- |.............| | |.......-- ...... ---.--...-..--- |. ---.......| ...... -- |.......-- --...........^---- ....... --...--..-- |................| -....... ---.|-<..---- |....---.........-- |....--- |.|.......--- |.. ---........- --...| |...........| |. --.---....| --.-- |......--...| | --- --...| -- --.--.-- -.-- ---- ------ -- Minoru the Ronin Experience level: 5 Strength: 15 Dexterity: 17 Constitution: 18 Intelligence: 11 Wisdom: 9 Charisma: 6 Health: 0(54) Energy: 21(21) Def: 6 Gold: 419 Moves: 1658 Dungeon seed: YT5-YPHnr_gmc-9c Game ID: Minoru_1442627790 Your Inventory: Coins $ - 419 gold pieces Weapons a - an uncursed +0 katana (weapon in hand) b - an uncursed +0 wakizashi c - an uncursed +0 yumi (alternate weapon; not wielded) d - 29 blessed +0 ya (in quiver) Armor e - an uncursed rustproof +0 splint mail (being worn) Scrolls l - 4 uncursed scrolls of blank paper Potions s - an uncursed potion of paralysis Wands o - an uncursed wand of undead turning (0:6) Tools m - an uncursed sack r - an uncursed tin whistle t - 6 uncursed wax candles (0:400) u - 5 uncursed tallow candles (0:200) Gems n - 2 uncursed worthless pieces of green glass Contents of the sack: 2 uncursed cream pies Spells and supernatural/magical abilities: Name Level Category Fail Memory W - pray for help -- divine ? -- Your skills at the end: Fighting Skills martial arts [Basic] Weapon Skills short sword [Basic] long sword [Basic] bow [Basic] Spellcasting Skills Final Attributes: You were piously aligned. You were fast. You are dead. Vanquished creatures: a gnome lord a straw golem a paper golem 2 floating eyes 2 dwarf zombies an iguana an acid blob 4 coyotes a large kobold a green mold 3 gnomes 6 jackals 2 kobolds 2 goblins 3 sewer rats 6 grid bugs 2 bats 5 lichens a kobold zombie 2 newts 47 creatures vanquished. Voluntary challenges: You used a wielded weapon 51 times, starting on turn 105. You read items or engraved 3 times, starting on turn 1270. You never genocided any monsters. You never polymorphed an object. You never changed form. You used no wishes. You never split a pudding. You never wrote Elbereth's name. You never violated your personal moral code. Dungeon overview: The Dungeons of Doom: levels 1 to 5 Level 1 some fountains a long staircase Level 2 an altar to Raijin Level 3 Level 4 an altar to Amaterasu Omikami stairs to The Gnomish Mines Level 5 The Gnomish Mines: Level 5 <- You were here stairs to The Dungeons of Doom History has recorded: On T:1 you entered the Dungeons of Doom to retrieve the Amulet of Yendor! On T:104 you reached level 2 of The Dungeons of Doom. On T:259 you advanced to experience level 2. On T:532 you advanced to experience level 3. On T:851 you reached level 4 of The Dungeons of Doom. On T:908 you reached level 3 of The Dungeons of Doom. On T:1005 you reached level 5 of The Dungeons of Doom. On T:1026 you advanced to experience level 4. On T:1103 you reached level 1 of The Gnomish Mines. On T:1601 you advanced to experience level 5. Score breakdown: Gold: 419 ( 8923 points) Experience: 5 levels (11141 points) Exploration: 5 levels ( 11.11%) ( 9045 points) Discoveries: 0 items ( 0.00%) ( 0 points) Valuables value: (no points given unless you survive) Artifact value: 0 ( 0 points) Variety of kills: 20 monsters ( 5.25%) ( 6873 points) Turncount: 1658 turns ( 0 points) Survival: died (score multiplied by 80%) Total score: 28785 Latest messages: A green gem lands on the altar. You faint from lack of food. It hits! (9x) You die... Final status: Sayonara Minoru the Samurai, killed by a gnome king, while fainted from lack of food... You died in The Gnomish Mines on dungeon level 5 with 28785 points, and 419 pieces of gold, after 1658 moves. You were level 5 with a maximum of 54 hit points when you died.